 Dungeon Crawl Stone Soup version 0.27-a0-1149-g4505690ab0 (webtiles) character file.

Game seed: 12479729550899101485

65 leviel the Chopper (level 3, 0/34 HPs)
             Began as a Minotaur Monk on May 13, 2021.
             Slain by an adder (4 damage)
             ... on level 3 of the Dungeon.
             The game lasted 00:01:54 (2513 turns).

leviel the Chopper (Minotaur Monk)                  Turns: 2513, Time: 00:01:55

Health: 0/34       AC:  5    Str: 16    XL:     3   Next: 92%
Magic:  2/2        EV: 11    Int:  7    God:
Gold:   136        SH:  0    Dex: 12    Spells: 2/2 levels left

rFire    . . .     SeeInvis .   a - +0 hand axe
rCold    . . .     Faith    .   (no shield)
rNeg     . . .     Spirit   .   b - +0 ring mail
rPois    .         Reflect  .   (helmet restricted)
rElec    .         Harm     .   (no cloak)
rCorr    .         Rampage  .   (no gloves)
Will     .....                  (no boots)
Stlth    +.........             (no amulet)
HPRegen  0.11/turn              (no ring)
MPRegen  0.08/turn              (no ring)

@: on berserk cooldown, attractive, slowed, very slow
A: horns 2, retaliatory headbutt
a: no special abilities


You were on level 3 of the Dungeon.
You visited 1 branch of the dungeon, and saw 3 of its levels.

You collected 136 gold pieces.

Inventory:

Hand Weapons
 a - a +0 hand axe (weapon)
Missiles
 k - a throwing net (quivered)
Armour
 b - a +0 ring mail (worn)
Scrolls
 c - a scroll of silence {unknown}
 d - 5 scrolls of identify {unknown}
 e - 2 scrolls of fear {unknown}
 g - a scroll of teleportation {unknown}
 i - a scroll of summoning {unknown}
 j - a scroll of magic mapping {unknown}
Potions
 f - a potion of berserk rage


   Skills:
 + Level 4.4 Fighting
 * Level 4.8 Axes
 + Level 1.0 Armour
 - Level 3.6 Dodging
 - Level 1.5 Stealth


You had 2 spell levels left.
You didn't know any spells.
Your spell library contained the following spells:

 Spells                   Type           Power      Damage    Failure   Level
 Foxfire                  Conj/Fire      0%         2x1d4     65%         1
 Conjure Flame            Conj/Fire      0%         6-21      95%         3
 Inner Flame              Hex/Fire       0%         N/A       95%         3
 Sticky Flame             Conj/Fire      0%         2d3       100%        4
 Fireball                 Conj/Fire      0%         3d3       100%        5


Dungeon Overview and Level Annotations

Branches:
Dungeon (3/15)

Altars:

Annotations:
D:3 Grinder


Innate Abilities, Weirdness & Mutations

You have a pair of horns on your head.
You reflexively headbutt those who attack you in melee.


Message History

Grinder is almost dead.
You are no longer berserk.
You are exhausted.
You feel yourself slow down. Grinder hits you.
You are too injured to fight recklessly!
You are too injured to fight recklessly!
You are too injured to fight recklessly!
You closely miss Grinder. Your headbutt misses Grinder.
Grinder is almost dead.
Grinder hits you but does no damage. Grinder gestures at you.
You resist with significant effort.
You hit Grinder.
Grinder is almost dead.
Grinder hits you!
* * * LOW HITPOINT WARNING * * *
You hit Grinder but do no damage.
Grinder is almost dead.
Grinder gestures at you.
You suddenly lose the ability to move!
Grinder gestures at you. Pain shoots through your body!
* * * LOW HITPOINT WARNING * * *
An adder comes into view.
Grinder gestures at you.
You shrug off the repeated paralysis!
The adder hisses angrily.
Grinder says, "There's only one good use for a tongue: cutting it out."
Grinder completely misses you. Grinder gestures at you.
You shrug off the repeated paralysis!
Grinder blinks!
The adder bites you but does no damage.
You can move again.
It was a potion of attraction.
You feel attractive to monsters. The adder bites you.
* * * LOW HITPOINT WARNING * * *
The adder bites you.
You die...

#####................#
##......######.### .
#.....##...#...###.# .
##..................
...
#.#.............###
#.## #.............##
>.....
..#.....5.......#
...... ##?...........#
...... #..@S....#...#
...... #.#.#..###...#
...... #<#.#....# ..#
...... #.#.##......
...... # ..# ##.....
...... ..# ##...
....#. #.## ... ...##
.. .. ......


You could see Grinder and an adder.

Vanquished Creatures
  An adder (D:2)
  3 worms
  2 dart slugs (D:1)
  A bat (D:1)
  5 endoplasms
  A giant cockroach (D:1)
  4 goblins
  5 hobgoblins
  2 jackals (D:1)
  2 quokkas
  4 ball pythons
  2 frilled lizards (D:1)
  6 kobolds
  2 rats (D:1)
40 creatures vanquished.

Notes
Turn   | Place    | Note
-------+----------+-------------------------------------------
     0 | D:1      | leviel the Minotaur Monk began the quest for the Orb.
     0 | D:1      | Reached XP level 1. HP: 19/19 MP: 0/0
   449 | D:1      | Reached XP level 2. HP: 26/27 MP: 1/1
   498 | D:1      | Found a faded altar of an unknown god.
  1099 | D:1      | Reached XP level 3. HP: 12/33 MP: 2/2
  2420 | D:3      | Reached skill level 1 in Armour
  2492 | D:3      | Noticed Grinder
  2506 | D:3      | Paralysed by Grinder for 7 turns
  2513 | D:3      | Slain by an adder

Illustrated notes

Levels and vault maps discovered:
D:1:      erik_arrival_triangle_small, layout_basic,
          ebering_ecumenical_altar_rust, kennysheep_small_spiral
D:2:      layout_loops_corners, grunt_decor_resistance
D:3:      layout_rooms, general_overflow_altar, hangedman_decor_push,
          uniq_grinder

Skill      XL: |  1  2  3 |
---------------+----------+-----
Fighting       | 4 |  4.4
Axes           | 4 |  4.8
Armour         | 1 |  1.0
Dodging        | |  3.6
Stealth        | |  1.5

Action                   || total
-------------------------++-------
Melee: Hand axe          ||    91
       Headbutt          ||    18
  Use: Potion            ||     2
 Stab: Sleeping          ||     1
Armor: Robe              ||     4
       Ring mail         ||    14
Dodge: Dodged            ||    39

Table legend: (Time is in decaauts)
 A = Elapsed time spent in this place.
 B = Non-inter-level travel time spent in this place.
 C = Inter-level travel time spent in this place.
 D = Time resting spent in this place.
 E = Time spent auto-exploring this place.
 F = Levels seen in this place.
 G = Mean time per level.
                   A        B        C        D        E       F      G
               +--------+--------+--------+--------+--------+-----+--------+
         Total |   2522 |   2465 |     57 |    346 |   1870 |   3 |  840.7 |
       Dungeon |   2522 |   2465 |     57 |    346 |   1870 |   3 |  840.7 |
               +--------+--------+--------+--------+--------+-----+--------+

Top non-repeatable levels by time:
     D:1: 1447 daAuts
     D:2: 877 daAuts
     D:3: 196 daAuts
